 Dungeon Crawl Stone Soup version 0.31.0-11-ge490571c62 (webtiles) character file.

Game seed: 3675846330657534931

245 SnakkuSnakku7 the Insei (level 6, -2/46 HPs)
             Began as a Merfolk Conjurer on Feb 1, 2024.
             Slain by a gnoll
             ... wielding a +0 halberd
              (10 damage)
             ... on level 4 of the Dungeon.
             The game lasted 00:05:38 (3569 turns).

SnakkuSnakku7 the Insei (Merfolk Conjurer)          Turns: 3569, Time: 00:05:39

Health: -2/46      AC:  6    Str: 15    XL:     6   Next: 10%
Magic:  9/9        EV: 11    Int: 18    God:
Gold:   195        SH:  0    Dex: 12    Spells: 8/9 levels left

rFire   . .          .
                       - Unarmed
rCold   . . .        (no shield)
rNeg    . . .        f - +0 ring mail
rPois   .            (no helmet)
rElec   .            (no cloak)
rCorr   .            (no gloves)
SInv    .            q - +0 pair of boots
Will    .....        (no amulet)
Stlth   +            s - +6 ring of strength
HPRegen 0.27/turn    (no ring)
MPRegen 0.11/turn

%: no passive effects
@: no status effects
A: (nimble swimmer 2), mertail
a: no special abilities


You were on level 4 of the Dungeon.
You visited 1 branch of the dungeon, and saw 5 of its levels.

You collected 195 gold pieces.

Inventory:

Missiles
 j - 7 poisoned darts (quivered)
 n - 5 silver javelins
Armour
 a - a +0 robe
 d - a +0 buckler
 f - a +0 ring mail (worn)
 q - a +0 pair of boots (worn)
Jewellery
 o - an amulet of faith
 s - a +6 ring of strength (left hand)
Scrolls
 c - a scroll of revelation {unknown}
 e - a scroll of noise {unknown}
 g - 2 scrolls of teleportation
 k - a scroll of fear {unknown}
 l - 2 scrolls of silence {unknown}
 r - a scroll of blinking
Potions
 b - a potion of magic
 h - 2 potions of mutation
 i - a potion of curing {unknown}
 m - a potion of attraction
 p - a potion of might
 t - a potion of brilliance {unknown}


   Skills:
 - Level 2.9 Fighting
 + Level 2.6 Throwing
 - Level 2.6 Dodging
 - Level 2.1 Stealth
 + Level 4.3 Unarmed Combat
 - Level 2.0 Spellcasting
 - Level 3.2 Conjurations


You had 8 spell levels left.
You knew the following spells:

 Your Spells              Type           Power      Damage    Failure   Level
a - Magic Dart            Conj           52%        1d5       10%         1

Your spell library contained the following spells:

 Spells                   Type           Power      Damage    Failure   Level
 Searing Ray              Conj           26%        2d5       14%         2
 Sting                    Conj/Alch      28%        1d4       19%         1
 Necrotise                Necr           4%         1d4       34%         1
 Mercury Vapours          Alch/Air       2%         N/A       47%         2
 Vampiric Draining        Necr           1%         2d6       71%         3
 Fulminant Prism          Conj/Alch      3%         3d5       88%         4
 Iskenderun's Mystic Bla  Conj/Tloc      7%         2d4       88%         4
 Martyr's Knell           Necr/Summ      1%         N/A       98%         4
 Olgreb's Toxic Radiance  Alch           1%         N/A       98%         4
 Curse of Agony           Necr           1%         N/A       100%        5


Dungeon Overview and Level Annotations

Branches:
Dungeon (5/15)
 Temple: D:4-7

Altars:
Makhleb
Sif Muna

Annotations:
D:4 Dowan, Duvessa


Innate Abilities, Weirdness & Mutations

((You are very nimble when in or above water. (Stealth+, EV+, Speed+++)))
Your lower body shifts to a powerful aquatic tail in water.


Message History

The hobgoblin hits you but does no damage.
You closely miss the hobgoblin. The hobgoblin closely misses you.
You hit the hobgoblin.
The hobgoblin is moderately wounded.
The hobgoblin closely misses you.
You hit the hobgoblin.
You kill the hobgoblin!
No target in view!
You start resting.
HP restored.
You climb downwards.
There is a stone staircase leading up here.
Unknown command.
The gnoll misses you.
There is a stone staircase leading up here.
The gnoll misses you. The gnoll hits you with a +0 halberd!
You climb upwards.
Level annotation: Dowan, Duvessa
There is a stone staircase leading down here.
You barely miss the gnoll. The gnoll closely misses you.
You closely miss the gnoll. The gnoll hits you but does no damage.
You punch the gnoll!
The gnoll is heavily wounded.
The gnoll misses you.
You closely miss the gnoll.
The gnoll is heavily wounded.
The gnoll hits you with a +0 halberd!
You hit the gnoll but do no damage.
The gnoll is heavily wounded.
The gnoll hits you with a +0 halberd!
You are too injured to fight recklessly!
You hit the gnoll but do no damage.
The gnoll is heavily wounded.
The gnoll hits you with a +0 halberd!
* * * LOW HITPOINT WARNING * * *
You are too injured to fight recklessly!
You hit the gnoll but do no damage.
The gnoll is heavily wounded.
The gnoll hits you with a +0 halberd!
You die...

#..............##8.8##..
#.....<.##......##'##..#
#...#...###...........#
.... #..##....#......###
#. ..........#...####
.#............## # .
#..#.##......#..###
...#.......)....... # ##
.....#.....@#.....$.
#... . #.#.#.g#.#.#.#.
#... . ###....#...# ....
#.......... .... #####.
.... ..). .. ... ....
... .... .# ...#


You could see a gnoll.

Vanquished Creatures
  A jelly (D:5)
  An iguana (D:4)
  An orc wizard (D:3)
  A gnoll (D:4)
  7 adders
  A dart slug (D:1)
  3 ribbon worms
  8 orcs
  11 ball pythons
  10 endoplasms
  3 giant cockroaches (D:1)
  3 goblins
  5 hobgoblins
  6 kobolds
  A quokka (D:1)
  4 bats
  3 frilled lizards
  12 rats
81 creatures vanquished.

Notes
Turn   | Place    | Note
-------+----------+-------------------------------------------
     0 | D:1      | SnakkuSnakku7 the Merfolk Conjurer began the quest for the
                  | Orb.
     0 | D:1      | Reached XP level 1. HP: 13/13 MP: 3/3
   139 | D:1      | Reached skill level 1 in Fighting
   139 | D:1      | Reached skill level 1 in Unarmed Combat
   139 | D:1      | Reached XP level 2. HP: 19/21 MP: 1/5
   547 | D:1      | Reached XP level 3. HP: 27/27 MP: 3/6
   736 | D:1      | Reached skill level 2 in Unarmed Combat
  1288 | D:2      | Reached XP level 4. HP: 34/34 MP: 2/7
  1719 | D:3      | Reached skill level 3 in Unarmed Combat
  2124 | D:3      | Found a burning altar of Makhleb.
  2262 | D:3      | Reached skill level 1 in Throwing
  2279 | D:3      | Reached XP level 5. HP: 34/40 MP: 8/8
  2636 | D:3      | Found a shimmering blue altar of Sif Muna.
  2724 | D:3      | Found a faded altar of an unknown god.
  2758 | D:4      | Noticed an orc warrior
  3234 | D:4      | Noticed Duvessa
  3234 | D:4      | Noticed Dowan
  3249 | D:5      | Entered Level 5 of the Dungeon
  3255 | D:5      | Reached skill level 4 in Unarmed Combat
  3306 | D:4      | Reached XP level 6. HP: 46/46 MP: 9/9
  3569 | D:4      | Slain by a gnoll

Illustrated notes

Levels and vault maps discovered:
D:1:      sevenhm_arrival_forest_fort_large_4, layout_loops_corners
D:2:      layout_rooms, minmay_fractal_squares_5
D:3:      layout_basic, bloody_makhleb, mainiacjoe_overflow_alcove_1,
          chequers_ecumenical_altar_lobes, kennysheep_another_room,
          chequers_garden
D:4:      layout_cave_pools, dk_noncrumbling_4, solitary_fountain, uniq_duvessa
D:5:      layout_rooms, minmay_temple_entry_junction

Skill      XL: |  1  2  3  4  5 |
---------------+----------------+-----
Fighting       | 1 2 |  2.9
Unarmed Combat | 1 2 3 4 |  4.3
Throwing       | 1 2 |  2.6
Dodging        | |  2.6
Stealth        | |  2.1
Spellcasting   | |  2.0
Conjurations   | |  3.2

Action                     |  1- 3 |  4- 6 || total
---------------------------+-------+-------++-------
  Melee: Unarmed           |   105 |   235 ||   340
         Punch             |     3 |    10 ||    13
   Cast: Magic Dart        |    48 |    31 ||    79
    Use: Scroll            |       |     5 ||     5
 Armour: Robe              |    17 |       ||    17
         Ring mail         |    33 |   139 ||   172
  Dodge: Dodged            |    63 |   111 ||   174
